 Dungeon Crawl Stone Soup version 0.28-a0-850-g09de17f5b5 (webtiles) character file.

Game seed: 11601987071477251047

136 elagabalus the Poker (level 4, -1/40 HPs)
             Began as a Minotaur Fighter on Nov 13, 2021.
             Slain by an iguana (6 damage)
             ... on level 4 of the Dungeon.
             The game lasted 00:19:24 (1631 turns).

elagabalus the Poker (Minotaur Fighter)             Turns: 1631, Time: 00:19:24

Health: -1/40      AC:  7    Str: 22    XL:     4   Next: 98%
Magic:  3/3        EV:  9    Int:  5    God:
Gold:   131        SH:  4    Dex:  9    Spells: 3/3 levels left

rFire   . . .      SeeInvis .   a - +0 trident
rCold   . . .      Faith    .   c - +0 buckler
rNeg    . . .      Spirit   .   b - +0 scale mail
rPois   .          Reflect  .   (helmet restricted)
rElec   .          Harm     .   (no cloak)
rCorr   .          Rampage  .   (no gloves)
Will    .....                   (no boots)
Stlth   ..........              e - amulet of the acrobat
HPRegen 0.13/turn               (no ring)
MPRegen 0.08/turn               (no ring)

@: no status effects
A: horns 2, retaliatory headbutt
a: no special abilities


You were on level 4 of the Dungeon.
You visited 1 branch of the dungeon, and saw 4 of its levels.

You collected 131 gold pieces.

Inventory:

Hand Weapons
 a - a +0 trident (weapon)
Missiles
 j - 15 poisoned darts (quivered)
Armour
 b - a +0 scale mail (worn)
 c - a +0 buckler (worn)
Jewellery
 e - an amulet of the acrobat (around neck)
Scrolls
 i - a scroll of fear
Potions
 d - a potion of might
 f - a potion of haste {unknown}
 g - a potion of attraction {unknown}
 h - a potion of degeneration {unknown}
 k - a potion of heal wounds {unknown}


   Skills:
 - Level 4.0 Fighting
 * Level 5.3 Polearms
 - Level 4.1 Armour
 - Level 4.1 Shields


You had 3 spell levels left.
You didn't know any spells.
Your spell library contained the following spells:

 Spells                   Type           Power      Damage    Failure   Level
 Apportation              Tloc           0%         N/A       80%         1
 Gell's Gravitas          Tloc           0%         N/A       99%         3
 Teleport Other           Tloc           0%         N/A       99%         3
 Alistair's Intoxication  Tmut/Pois      0%         N/A       100%        5
 Dispersal                Tloc           0%         N/A       100%        6


Dungeon Overview and Level Annotations

Branches:
Dungeon (4/15)
 Temple: D:4-7

Altars:
Dithmenos

Annotations:
D:3 Natasha


Innate Abilities, Weirdness & Mutations

You have a pair of horns on your head.
You reflexively headbutt those who attack you in melee.


Message History

There is a stone staircase leading down here.
A ball python comes into view.
The ball python hisses angrily.
You hear an angry hiss.
Natasha, Servant of Life and Death comes into view.
She is carrying a wand of flame (19).
The ball python moves out of view.
Natasha mewls in sadness.
Reach: a) +0 trident
Press: ? - help, Dir - move target, f - ball python
Aim: a ball python (about 47% to evade your +0 trident)
You reach to attack!
You puncture the ball python!
You kill the ball python!
Reach: a) +0 trident
Press: ? - help, Dir - move target, f - Natasha
Aim: Natasha, carrying a wand of flame (19) (about 50% to evade your +0 trident)
You reach to attack!
You closely miss Natasha.
Natasha mumbles some strange words.
Natasha casts a spell.
There is a stone staircase leading down here.
You can't go up here!
Natasha mumbles some strange words.
The white imp closely misses you.
The shadow imp hits you but does no damage.
You climb downwards.
The iguana hisses angrily.
There is a stone staircase leading up here.
You hit the iguana but do no damage.
You headbutt the iguana, but do no damage.
The iguana bites you but does no damage.
You hit the iguana.
The iguana is lightly wounded.
The iguana bites you!
* * * LOW HITPOINT WARNING * * *
You completely miss the iguana.
The iguana is lightly wounded.
The iguana bites you.
* * * LOW HITPOINT WARNING * * *
You hit the iguana.
The iguana is moderately wounded.
The iguana bites you.
You die... # ####..# #@l...# ####.##

You could see an iguana.

Vanquished Creatures
  2 gnolls (D:1)
  3 adders
  A white imp (D:3)
  A worm (D:2)
  A dart slug (D:1)
  4 orcs
  5 bats
  6 endoplasms
  2 giant cockroaches
  10 goblins
  5 hobgoblins
  3 jackals (D:2)
  8 kobolds
  2 quokkas (D:1)
  7 ball pythons
  4 frilled lizards
  A quokka skeleton (D:3)
  6 rats
71 creatures vanquished.

Notes
Turn   | Place    | Note
-------+----------+-------------------------------------------
     0 | D:1      | elagabalus the Minotaur Fighter began the quest for the
                  | Orb.
     0 | D:1      | Reached XP level 1. HP: 19/19 MP: 0/0
    91 | D:1      | Reached XP level 2. HP: 27/27 MP: 1/1
   186 | D:1      | Reached XP level 3. HP: 30/33 MP: 2/2
   247 | D:1      | Reached skill level 3 in Polearms
   547 | D:2      | Reached skill level 4 in Polearms
   550 | D:2      | Reached XP level 4. HP: 15/40 MP: 3/3
   720 | D:2      | Found a faded altar of an unknown god.
   742 | D:2      | Found a shadowy altar of Dithmenos.
  1498 | D:3      | Reached skill level 5 in Polearms
  1618 | D:3      | Noticed Natasha
  1631 | D:4      | Slain by an iguana

Illustrated notes

Levels and vault maps discovered:
D:1:      grunt_arrival_crossed_arrows, layout_basic, interstate_on_off,
          hex_tiny
D:2:      layout_basic, basic_altar, shapermc_ecumenical_altar_pompeii,
          grunt_ministairs_9, hangedman_glass_teeth
D:3:      layout_rooms, minmay_quadrilaterals, uniq_natasha, uniq_grinder,
          uniq_sigmund
D:4:      layout_basic, mainiacjoe_overflow_surrounded_room,
          minmay_temple_entry_waves, gammafunk_ghost_smash, grunt_tough_drop

Skill      XL: |  1  2  3  4 |
---------------+-------------+-----
Fighting       | 4 |  4.0
Armour         | 4 |  4.1
Shields        | 4 |  4.1
Polearms       | 4 5 |  5.3

Action                   |  1- 3 |  4- 6 || total
-------------------------+-------+-------++-------
Melee: Trident           |    83 |   109 ||   192
       Headbutt          |     8 |    15 ||    23
  Use: Scroll            |       |     3 ||     3
Armor: Scale mail        |    26 |    32 ||    58
Dodge: Dodged            |    34 |    39 ||    73
Block: Buckler           |    13 |    15 ||    28

Table legend: (Time is in decaauts)
 A = Elapsed time spent in this place.
 B = Non-inter-level travel time spent in this place.
 C = Inter-level travel time spent in this place.
 D = Time resting spent in this place.
 E = Time spent auto-exploring this place.
 F = Levels seen in this place.
 G = Mean time per level.
                   A        B        C        D        E       F      G
               +--------+--------+--------+--------+--------+-----+--------+
         Total |   1650 |    563 |   1087 |      0 |      0 |   4 |  412.5 |
       Dungeon |   1650 |    563 |   1087 |      0 |      0 |   4 |  412.5 |
               +--------+--------+--------+--------+--------+-----+--------+

Top non-repeatable levels by time:
     D:2: 903 daAuts
     D:1: 546 daAuts
     D:3: 196 daAuts
     D:4: 3 daAuts
